Map: Incorporeal LE

Players

MicroJackson - Winner!

  • Race: Zerg Zerg
  • Spawn Location: 5:00

SubN

  • Race: Zerg Zerg
  • League: Diamond
  • Spawn Location: 11:00

VOD

Have the link to the VOD?

Description

Time

  • Played on: July 31, 2025, 3:24 p.m.
  • Length: 5:12
Show
View Real Time Build Order
Export as new Build Order

MicroJackson Zerg - Winner!

Build Orders: Hatch First 

Get SALT Encoding   

  12  0:01  Drone  
  13  0:10  Drone  
  14  0:19  Extractor  
  14  0:20  Drone  
  14  0:21  Extractor  
  13  0:22  Drone  
  13  0:28  Overlord  
  16  0:51  Drone  
  16  0:52  Hatchery  
  16  1:07  Spawning Pool  
  16  1:09  Extractor  
  16  1:10  Drone  
  15  1:14  Drone  
  16  1:19  Drone  
  16  1:22  Drone  
  18  1:34  Drone  
  19  1:43  Drone  
  20  1:53  Drone  
  21  2:03  Queen  
  21  2:08  Baneling Nest, Queen  
  22  2:09  Zergling x2  
  22  2:10  Zergling x2  
  26  2:17  Zergling x2  
  26  2:18  Zergling x2  
  28  2:31  Evolution Chamber  
  28  2:32  Metabolic Boost  
  28  2:34  Zergling x2  
  28  2:48  Overlord  
  28  2:58  Overlord  
  28  3:04  Baneling x3  
  28  3:11  Zergling x10  
  33  3:19  Drone x3, Extractor  
  35  3:26  Drone  
  36  3:38  Zergling x4  
  38  3:47  Zergling x4  
  40  3:52  Zergling x4  
  42  3:59  Baneling  
  42  4:00  Baneling x3  
  42  4:03  Zergling x4  
  37  4:35  Zergling x12  
  37  4:36  Zergling x2  
  42  4:47  Zergling x4  
  42  4:48  Overlord x2  
  42  4:55  Zergling x4  
Show
View Real Time Build Order
Export as new Build Order

SubN Zerg 

Build Orders: Hatch First 

Get SALT Encoding   

  12  0:00  Drone  
  13  0:12  Drone  
  14  0:15  Extractor  
  14  0:16  Drone  
  15  0:36  Hatchery  
  14  0:44  Overlord  
  14  0:57  Extractor  
  13  0:58  Drone  
  13  1:03  Drone x2  
  16  1:09  Drone  
  17  1:22  Spawning Pool  
  17  1:23  Drone  
  17  1:31  Drone  
  18  1:41  Drone  
  19  1:57  Drone x2  
  21  2:03  Drone x2  
  23  2:16  Drone x2  
  23  2:18  Queen  
  23  2:22  Overlord  
  27  2:29  Drone  
  28  2:39  Queen  
  28  2:40  Overlord  
  28  2:43  Drone x2  
  32  2:48  Drone  
  33  2:52  Hatchery  
  33  2:58  Overlord  
  32  2:59  Overlord  
  32  3:12  Drone x2, Roach Warren  
  33  3:22  Drone  
  33  3:23  Drone  
  33  3:27  Drone  
  36  3:28  Extractor  
  35  3:36  Overlord  
  35  3:39  Drone  
  35  3:40  Drone x3  
  39  3:47  Lair  
  39  3:48  Drone  
  39  3:49  Drone x2  
  42  3:56  Roach  
  42  3:57  Roach  
  42  4:01  Roach x2  
  50  4:04  Queen  
  50  4:08  Drone  
  53  4:15  Evolution Chamber  
  52  4:18  Evolution Chamber  
  50  4:28  Roach x2  
  50  4:29  Roach x6  
  35  4:50  Roach x3  
  34  4:58  Drone x2  
Tags
 
League
Diamond
Matchup
ZvZ
Race
Zerg
Replay Pack
Multiplayer
Spawn Locations
Cross Positions
Add a new tag
Caveats
  • Supply blocks, unpowered buildings, or Contaminate may cause inaccurate times.
  • Supply counts are checked every 10 seconds.